[Event "8th Svetozar Gligoric Cup 2022"]
[Site "Paracin"]
[Date "2022.05.31"]
[Round "1.10"]
[White "Romanov, Konstantin K"]
[Black "Markovic, Miroslav"]
[Result "1/2-1/2"]
[ECO "E91"]
[WhiteElo "1206"]
[BlackElo "2271"]
[Annotator "TA"]
[PlyCount "65"]
[EventDate "2022.05.31"]
[EventType "team-tourn"]
[EventCountry "SRB"]
[SourceTitle "playchess.com"]
[Source "ChessBase"]
[SourceQuality "1"]
[TimeControl "40/5400+30:900+30"]

1. d4 Nf6 2. c4 g6 3. Nc3 Bg7 4. e4 d6 5. Nf3 O-O 6. Be2 Bg4 7. Be3 Nfd7 8. Rc1 e5 9. d5 a5 10. Nd2 {[%emt 0:03:18] [#] Black must now prevent f3. E91: King's Indian: Classical: 6 Be2, unusual replies including 6...c5 and 6...Bg4.} Bxe2 11. Qxe2 f5 12. f3 Bh6 13. O-O Bxe3+ 14. Qxe3 Na6 15. a3 f4 16. Qe2 {[%emt 0:09:05] [#]} Qh4 $146 ({Predecessor:} 16... c6 17. Kh1 Ndc5 18. b3 Qf6 19. Rb1 Nd7 20. Rfd1 Nac5 21. b4 axb4 22. axb4 Na4 23. Nxa4 Rxa4 {½-½ (32) Zur Lage,J (2084)-Bergauz,N (2236) Bayern 2015}) 17. Rb1 g5 (17... Qe7 $11) 18. b4 $14 axb4 19. axb4 Rf6 20. Qf2 Qxf2+ 21. Kxf2 h5 22. h3 Kf7 23. Nb5 Rg8 24. c5 dxc5 25. bxc5 Ndxc5 26. Nc4 Nd7 27. Nxc7 Nac5 (27... Nxc7 $11 {keeps the balance.} 28. Rxb7 Rc8) 28. Ke2 {[%emt 0:11:03] White is more active.} ({White should try} 28. Ne6 $16) 28... g4 $11 {[%emt 1:27:21] The position is equal.} 29. hxg4 hxg4 30. Ne6 {[%emt 0:00:30] [#] Nxc5 is the strong threat.} gxf3+ 31. gxf3 {[%emt 0:00:30] Hoping for Nxc5.} Rg2+ 32. Rf2 Rxf2+ 33. Kxf2 {Weighted Error Value: White=0.11 (very precise) /Black=0.09 (flawless)} 1/2-1/2

[Event "8th Svetozar Gligoric Cup 2022"]
[Site "Paracin"]
[Date "2022.05.31"]
[Round "1.12"]
[White "Dacic, Goran"]
[Black "Vratonjic, Slobo"]
[Result "0-1"]
[ECO "B40"]
[WhiteElo "1653"]
[BlackElo "2254"]
[Annotator "TA"]
[PlyCount "94"]
[EventDate "2022.05.31"]
[EventType "team-tourn"]
[EventCountry "SRB"]
[SourceTitle "playchess.com"]
[Source "ChessBase"]
[SourceQuality "1"]
[TimeControl "40/5400+30:900+30"]

1. e4 c5 2. Nf3 e6 3. d4 cxd4 4. Nxd4 Nf6 5. Nc3 Bb4 6. Bd3 e5 7. Nf5 O-O 8. O-O {[%emt 0:00:20] And now Nd5 would win.} Bxc3 {[%emt 0:00:21] B40: Sicilian: 2...e6, Unusual lines.} 9. bxc3 {[%emt 0:00:08] Strongly threatening Nd6.} d5 10. Ng3 (10. Ba3 {feels hotter.} Bxf5 11. Bxf8 Bxe4 12. Ba3) 10... dxe4 {[%emt 0:04:04] The position is equal.} 11. Nxe4 Nxe4 12. Bxe4 Nd7 {[%emt 0:00:20] [#]} 13. Qd3 $146 ({Predecessor:} 13. Ba3 Re8 14. Rb1 Nb6 15. Qf3 Qc7 16. Rb4 g6 17. g4 Rb8 18. Rbb1 Nc4 19. Bc1 {½-½ (56) Hoolt,S (2314)-Liu,Y (2089) Shenzhen 2011}) 13... Nf6 (13... Nc5 {is more complex.} 14. Bxh7+ Kh8 15. Qe3 Kxh7 16. Qxc5 Re8) 14. Bg5 Qxd3 15. Bxd3 Be6 16. Rfe1 {[%emt 0:00:55] Inhibits e4.} Nd7 17. Be4 Nc5 18. Be7 {[%emt 0:10:45] A strong pair of Bishops.} Rfc8 19. Bxc5 Rxc5 20. Bxb7 Rb8 21. Ba6 Rxc3 22. Bd3 Rc5 23. a4 Ra5 24. h3 g6 25. Ra3 Rb4 26. Rea1 Rd4 27. Bb5 a6 28. c3 Rd2 29. Bf1 Rb2 30. Rd1 Kf8 31. Rd8+ Ke7 32. Rd1 Bb3 33. Rda1 Kd6 $36 {[%emt 0:01:19][%mdl 2048] Black is on the roll.} 34. Bd3 Kc5 35. g4 f6 36. Kg2 Bd5+ 37. Kg3 Rd2 38. Bf1 f5 {[%emt 0:00:15] Black is much more active.} 39. f4 exf4+ 40. Kxf4 fxg4 41. hxg4 Bc4 (41... Rf2+ $17 42. Kg5 Be6) 42. Bxc4 Kxc4 $11 {[%emt 0:39:35] KRR-KRR} 43. Rb1 g5+ 44. Ke4 $2 {[%emt 0:00:26][%mdl 8192] [#]} (44. Kf3 $17) 44... Re2+ 45. Kf3 Rae5 {[%emt 0:00:00][%csl Ge2][%cal Re5e3] Black mates.} 46. Rb4+ Kc5 47. Rb7 R5e3# {[%emt 0:00:00] Weighted Error Value: White=0.32/Black=0.06 (flawless)} 0-1

[Event "8th Svetozar Gligoric Cup 2022"]
[Site "Paracin"]
[Date "2022.06.01"]
[Round "2.1"]
[White "Maksimovic, Bojan"]
[Black "Markus, Robert"]
[Result "1/2-1/2"]
[ECO "A55"]
[WhiteElo "2445"]
[BlackElo "2613"]
[Annotator "TA"]
[PlyCount "68"]
[EventDate "2022.05.31"]
[EventType "team-tourn"]
[EventCountry "SRB"]
[SourceTitle "playchess.com"]
[Source "ChessBase"]
[SourceQuality "1"]
[TimeControl "40/5400+30:900+30"]

1. d4 Nf6 2. c4 d6 3. Nc3 Nbd7 4. Nf3 c6 5. e4 e5 6. Be2 Be7 7. O-O O-O 8. Re1 Re8 9. Bf1 Qc7 10. d5 Nf8 {[%emt 0:07:57] A55: Old Indian Defence with Nf3 and e4.} 11. h3 c5 {[%emt 0:07:50] [#]} 12. Nh4 $146 ({Predecessor:} 12. Be3 Ng6 13. a3 Bd7 14. b4 b6 15. Rb1 Rec8 16. Rb3 Qd8 17. Qd2 Be8 18. Reb1 {0-1 (52) Martic,Z (2390)-Goric,E (2368) Osijek 2010}) 12... g6 ({Black should play} 12... Nxe4 $14 13. Rxe4 f5) 13. g3 (13. Nf3 $142) 13... Kh8 14. Kh2 Ng8 15. Ng2 {[%emt 0:00:11] White is more active.} Bd7 16. Bd2 Qc8 17. Ne3 h5 18. h4 Nh7 19. Bd3 Bf8 20. Qc2 Bh6 21. Rf1 Nhf6 22. f3 Qc7 23. Rae1 Rf8 24. Bc1 Rae8 25. b3 Qd8 26. Bb2 Bg7 27. Ne2 Bc8 28. Ng1 Nh6 29. Qg2 Nh7 30. Nh3 b6 31. Bc1 Ng8 32. Bb2 Nh6 $1 33. Bc1 Ng8 $1 34. Bb2 Nh6 {[%emt 0:00:07] Weighted Error Value: White=0.20 (precise) /Black=0.12 (very precise)} 1/2-1/2

[Event "8th Svetozar Gligoric Cup 2022"]
[Site "Paracin"]
[Date "2022.06.01"]
[Round "2.2"]
[White "Kovacevic, Aleksandar"]
[Black "Tadic, Stefan"]
[Result "1-0"]
[ECO "B33"]
[WhiteElo "2503"]
[BlackElo "2358"]
[Annotator "TA"]
[PlyCount "91"]
[EventDate "2022.05.31"]
[EventType "team-tourn"]
[EventCountry "SRB"]
[SourceTitle "playchess.com"]
[Source "ChessBase"]
[SourceQuality "1"]
[TimeControl "40/5400+30:900+30"]

1. e4 c5 2. Nf3 Nc6 3. d4 cxd4 4. Nxd4 Nf6 5. Nc3 e6 6. Ndb5 d6 7. Bf4 e5 8. Bg5 a6 9. Na3 Be6 10. Nc4 {[%emt 0:00:35] B33: Sicilian: Pelikan and Sveshnikov Variations.} Rb8 {[%emt 0:00:42] now scores much better than the old 10...Rc8.} 11. g3 Nd4 12. Ne3 {[%emt 0:00:23] White is slightly better.} Be7 13. Bxf6 Bxf6 14. h4 {[%emt 0:01:31][%cal Bh2h4,Bh4h5][%mdl 32] [#] Inhibits Bg5.} g6 $146 ({Predecessor:} 14... Rc8 15. Bh3 O-O 16. Kf1 Bxh3+ 17. Rxh3 Qd7 18. Kg2 Bd8 19. Ncd5 f5 20. c3 f4 21. gxf4 exf4 22. Qxd4 fxe3 23. Nxe3 {½-½ (89) Wagner,D (2581)-Lintchevski,D (2559) Chess.com INT 2020}) 15. Ncd5 {[%emt 0:01:18] White leaves nothing to chance now.} Bg7 16. c3 Nc6 17. h5 {[%emt 0:01:55] White is more active.} O-O 18. a4 Qg5 ({Black should try} 18... Kh8) 19. a5 (19. Nc7 $142) 19... f5 (19... Bh6 $16) 20. Nc7 $1 $18 {[%emt 0:19:33] Pair of Knights!} Bf7 21. hxg6 hxg6 {[%emt 0:00:08] [#]} 22. exf5 (22. Qxd6 Rfd8 23. Qc5 Rbc8 $11) 22... gxf5 23. Bc4 ({Inferior is} 23. Qxd6 Rfd8 24. Qc5 Rbc8 $17) 23... Qg6 24. Ra4 Rbc8 (24... Bxc4 {was called for.} 25. Rxc4 Rf7) 25. Ncd5 {[%emt 0:00:56][%cal Bc7d5,Bd5b6,Bb6c4][%mdl 32] Hoping for g4.} Qg5 26. Nb6 Rcd8 (26... Rce8 {is a better defense.} 27. Nd7 (27. Qxd6 f4 $11) 27... d5) 27. Rh5 Qg6 28. Rxf5 {[%emt 0:01:19] Chess con chili.} Bxc4 29. Rxf8+ Rxf8 30. Nbxc4 Nd4 $2 (30... Qf7 {is a better chance.} 31. Qd5 Qxd5 32. Nxd5 Kf7) 31. cxd4 exd4 32. Ng2 Bh6 33. Qxd4 Qb1+ {[%emt 0:01:01] [#]} 34. Qd1 $1 Qf5 35. Nf4 Bxf4 36. gxf4 Qxf4 37. Qd5+ Rf7 38. Nxd6 Qc1+ 39. Qd1 Re7+ 40. Re4 Rxe4+ 41. Nxe4 Qxb2 42. Qd5+ Kf8 43. Nd6 Qc1+ 44. Ke2 Ke7 45. Nc4 Qc2+ 46. Kf3 {[%emt 0:00:32] Weighted Error Value: White=0.10 (very precise) /Black=0.80} 1-0

[Event "8th Svetozar Gligoric Cup 2022"]
[Site "Paracin"]
[Date "2022.06.01"]
[Round "2.3"]
[White "Ivanovic, Marko"]
[Black "Brenjo, Slavisa"]
[Result "0-1"]
[ECO "C56"]
[WhiteElo "2294"]
[BlackElo "2402"]
[Annotator "TA"]
[PlyCount "56"]
[EventDate "2022.05.31"]
[EventType "team-tourn"]
[EventCountry "SRB"]
[SourceTitle "playchess.com"]
[Source "ChessBase"]
[SourceQuality "1"]
[TimeControl "40/5400+30:900+30"]

1. e4 e5 2. Nf3 Nc6 3. Bc4 Nf6 4. d4 exd4 5. e5 Ne4 6. O-O d5 7. Bb5 {[%emt 0:00:07] C56: Two Knights: 4 d4 exd4 5 0-0 Nxe4.} Bg4 8. Qxd4 Bc5 (8... Qd7 $5 9. Nbd2 Nxd4 10. Bxd7+ Bxd7 11. Nxd4 Nxd2 12. Bxd2 c5 $15) 9. Qd3 {[%emt 0:00:12] The position is equal.} O-O 10. Bxc6 bxc6 11. Nd4 Qe8 {[%emt 0:11:17] [#]} 12. f3 $146 {[%emt 0:10:18] White is now going downhill.} (12. Nc3 $11) ({Predecessor:} 12. Nc3 Qxe5 13. Nxc6 Nxf2 14. Qxd5 Ne4+ 15. Kh1 Qxd5 16. Nxd5 Rae8 17. b4 Nf2+ 18. Kg1 Nh3+ 19. Kh1 {½-½ (24) Cerne,P (1830)-Kapustin,A (1790) ICCF email 2018}) 12... Qxe5 $17 {[%emt 0:01:50] Black is more active.} 13. c3 (13. Be3 $17 Nf6 14. Bf2 (14. fxg4 $2 Nxg4 15. Bf4 Qxd4+ 16. Qxd4 Bxd4+ 17. Kh1 Bxb2 $19)) 13... Bd6 $19 14. g3 {[%emt 0:14:55] [#]} (14. f4 {is the only way for White.} Qh5 15. Nd2) 14... Nxg3 $1 15. fxg4 Nxf1 {[%emt 0:00:08] The board is on fire.} 16. Kxf1 $2 (16. Nf3 Qe6 17. Qxf1) 16... Qxh2 {[%emt 0:00:16] Black is clearly winning.} 17. Be3 Rae8 18. Bg1 {[%emt 0:16:44] [#]} Re1+ $3 19. Kxe1 Qxg1+ 20. Kd2 Bf4+ 21. Kc2 Qc1+ 22. Kb3 c5 {[%emt 0:00:41] Hoping for ...c4+.} 23. Qc2 Rb8+ {[%emt 0:00:40][%mdl 64] Skewer} 24. Ka4 cxd4 25. Qxc1 Bxc1 26. Na3 Bxb2 27. Rd1 Bxc3 {[%emt 0:01:31] ...Rb4+ is the strong threat.} 28. Nb5 c6 {[%emt 0:00:56] Weighted Error Value: White=0.81/Black=0.10 (very precise)} 0-1

[Event "8th Svetozar Gligoric Cup 2022"]
[Site "Paracin"]
[Date "2022.06.01"]
[Round "2.4"]
[White "Popovic, Milan S"]
[Black "Brankovic, Vladislav"]
[Result "1/2-1/2"]
[ECO "C10"]
[WhiteElo "2383"]
[BlackElo "2114"]
[Annotator "TA"]
[PlyCount "39"]
[EventDate "2022.05.31"]
[EventType "team-tourn"]
[EventCountry "SRB"]
[SourceTitle "playchess.com"]
[Source "ChessBase"]
[SourceQuality "1"]
[TimeControl "40/5400+30:900+30"]

1. e4 e6 2. d4 d5 3. Nc3 dxe4 4. Nxe4 Nf6 5. Nxf6+ Qxf6 6. Nf3 h6 7. Bd3 Bd6 8. O-O Nc6 9. c3 O-O 10. Qe2 Ne7 {[%emt 0:09:29] C10: French with 3 Nc3: Unusual Black 3rd moves and 3...dxe4.} (10... e5 $1 $11 {keeps the balance.}) 11. Ne5 $16 {[%emt 0:20:23] [#] And now Ng4 would win.} ({Don't play} 11. Qe4 Qg6 $14) 11... Nf5 $146 ({Predecessor:} 11... Nd5 12. Qe4 g6 13. Bxh6 Re8 14. f4 Ne7 15. Rf3 Nf5 16. Bg5 Qg7 17. Ng4 Be7 18. Bxe7 Nxe7 {1-0 (64) Komarkova,M (2024)-Kapoun,V (1786) Czech Republic 2015}) 12. g4 Nh4 {[%emt 0:07:26] White is better.} 13. Qe4 Ng6 14. f4 {[%emt 0:04:17] 0x0.00166a4466b3dp-1022s more active pieces. The black rooks are badly placed.} (14. Nxg6 $16 {[%cal Og6e7] Intending Ne7+! and mate.} Qxg6 15. Qxg6 fxg6 16. Bxg6) 14... Qh4 15. Bd2 {[%emt 0:06:36] Threatens to win with Be1.} Bxe5 16. fxe5 Bd7 17. Qg2 (17. Rf2 $14) 17... Bc6 18. Qg3 (18. Qe2 $11 {remains equal.}) 18... Qxg3+ $17 19. hxg3 {[%emt 0:00:01] [#]} Nxe5 $1 20. Be2 {[%emt 0:02:43] Weighted Error Value: White=0.39/Black=0.15 (very precise)} 1/2-1/2

[Event "8th Svetozar Gligoric Cup 2022"]
[Site "Paracin"]
[Date "2022.06.01"]
[Round "2.5"]
[White "Bogosavljevic, Boban"]
[Black "Jovanovic, Dusan D"]
[Result "1/2-1/2"]
[ECO "A30"]
[WhiteElo "2527"]
[BlackElo "2391"]
[Annotator "TA"]
[PlyCount "173"]
[EventDate "2022.05.31"]
[EventType "team-tourn"]
[EventCountry "SRB"]
[SourceTitle "playchess.com"]
[Source "ChessBase"]
[SourceQuality "1"]
[TimeControl "40/5400+30:900+30"]

1. Nf3 Nf6 2. g3 b6 3. Bg2 Bb7 4. O-O e6 5. c4 c5 6. Nc3 d6 7. d4 cxd4 8. Nxd4 Bxg2 9. Kxg2 Be7 10. e4 {[%emt 0:01:57] A30: Symmetrical English: Double Fianchetto and Hedgehog.} O-O 11. f4 {[%emt 0:00:57] [#]} Qc8 $146 ({Predecessor:} 11... a6 12. Qf3 Ra7 13. Be3 Rc7 14. b3 Rc8 15. Rac1 Nbd7 16. Rfd1 Qc7 17. g4 Qb7 {1-0 (40) Sihite,C (2252)-Nandhidhaa,P (2365) Chess.com INT 2020}) 12. Qf3 ({White should play} 12. b3 $14) 12... Nc6 (12... Qxc4 $15 13. Rd1 Nc6) 13. Nxc6 Qxc6 14. b3 $1 Nd7 15. Ba3 Rfe8 16. Rad1 Nc5 17. Bxc5 Qxc5 18. e5 {[%emt 0:03:52] [#] Strongly threatening exd6.} dxe5 19. Ne4 (19. fxe5 {seems wilder.} Qxe5 20. Qxf7+ Kh8 21. Nb5) 19... Qc7 20. fxe5 Qxe5 (20... Rf8 $1 $11 {remains equal.}) 21. Qxf7+ $16 Kh8 22. Rde1 Bb4 {[%emt 0:02:58] [#]} 23. Re2 (23. Nf6 $1 $14 Qb2+ 24. Rf2) 23... Rf8 $36 {[%emt 0:01:31][%mdl 2048] Black is pushing.} 24. Qb7 Rxf1 (24... Qh5 25. Rxf8+ Rxf8 26. Rf2 $16) 25. Kxf1 Rb8 26. Qc6 {[%emt 0:01:19] Active counter play!} (26. Qxa7 $2 Rf8+ 27. Rf2 Qxe4 $19) 26... h6 27. Kg2 Bc5 28. Qd7 (28. g4 $5 ) 28... Rf8 29. Qd1 Qf5 30. Nxc5 Qf3+ 31. Kg1 bxc5 {[%emt 0:00:06][%mdl 4096] Endgame KQR-KQR} 32. Qe1 Rd8 $1 33. Re3 (33. Rxe6 $2 Rd1 34. Qxd1 (34. Re8+ $2 Kh7 $19) 34... Qxd1+ $19) 33... Qg4 34. Kg2 (34. Rxe6 $2 Rd1 35. Kg2 (35. Re8+ $2 Kh7 $19) 35... Rxe1 $19) 34... Rd6 (34... Rd1 {is interesting.} 35. Qf2 Kg8 36. Qb2 a5) 35. Qf2 {[%emt 0:03:04] Hoping for Qf8+.} Qd1 {[%emt 0:01:28] aiming for ...Rd2.} 36. Re1 Qd3 $2 (36... Qd2 $11 {and Black is okay.}) 37. Kh3 $2 ({Only move:} 37. Qxc5 $18 Qc2+ 38. Kg1) 37... Ra6 38. Re5 Qb1 {[%emt 0:00:38] The position is equal.} 39. Re2 Kh7 40. Rb2 Qf5+ 41. Kg2 Qe4+ 42. Qf3 Qd4 43. Re2 Rd6 44. h4 a5 45. h5 a4 (45... Qd1 {with more complications.} 46. Qe4+ Kh8 47. Qe3 a4) 46. Rf2 axb3 47. axb3 Qe5 48. Re2 Qg5 49. Qe4+ Kg8 50. Qg6 Qe7 51. Kh2 Qd7 52. Kh3 Qb7 53. Qe8+ Kh7 54. Qg6+ (54. Rxe6 {gets mated.} Qh1+ 55. Kg4 Rd4+) 54... Kg8 55. Re4 Qc6 56. Qg4 Qd7 57. Re3 Qc6 58. Qf3 {[%emt 0:00:06] Against Qh1+} Qd7 59. Qa8+ Kh7 60. Qe4+ Kg8 61. Qa8+ Kh7 62. Re5 Rd4 {[%emt 0:01:16] Prevents Qe4+.} 63. Qf3 ({Don't go for} 63. Rxc5 $2 e5+ 64. Kh2 Rd2+ 65. Qg2 Rxg2+ $19) 63... Qd6 64. Re3 Qd7 65. Re5 Qd6 66. Re3 Qd7 67. Re2 Qd6 68. Qf7 Rd3 69. Qg6+ Kh8 70. Qe8+ Kh7 71. Qg6+ Kh8 72. Rf2 {[%emt 0:01:05] White threatens Rf7 and mate.} Kg8 $1 73. Qe8+ Kh7 74. Qg6+ Kg8 $1 75. b4 cxb4 76. Qe8+ Kh7 77. Qg6+ Kg8 $1 (77... Kh8 78. Rf7) 78. Qe8+ Kh7 79. Qg6+ Kg8 $1 (79... Kh8 {is a self mate.} 80. Rf7) 80. c5 Qd5 (80... Qxc5 $2 81. Qxe6+ Kh8 82. Qe8+ Kh7 83. Rf8 Rxg3+ 84. Kxg3 $18) 81. Qe8+ Kh7 {[%emt 0:00:04] White must now prevent ...Qh1+.} 82. Qg6+ Kg8 83. Qe8+ Kh7 {[%emt 0:00:02] ...Qh1+ is the strong threat.} 84. Qg6+ Kg8 85. Rf1 {[%emt 0:00:56] Against Qh1+} Rd2 86. Qe8+ Kh7 {[%emt 0:00:05] ( -> ...Qg2+)} 87. Qg6+ {[%emt 0:00:37] Weighted Error Value: White=0.14 (very precise) /Black=0.12 (very precise)} 1/2-1/2

[Event "8th Svetozar Gligoric Cup 2022"]
[Site "Paracin"]
[Date "2022.06.01"]
[Round "2.6"]
[White "Dudukovic, Nikola"]
[Black "Stankovic, Milos"]
[Result "1/2-1/2"]
[ECO "B19"]
[WhiteElo "2346"]
[BlackElo "2430"]
[Annotator "TA"]
[PlyCount "44"]
[EventDate "2022.05.31"]
[EventType "team-tourn"]
[EventCountry "SRB"]
[SourceTitle "playchess.com"]
[Source "ChessBase"]
[SourceQuality "1"]
[TimeControl "40/5400+30:900+30"]

1. e4 c6 2. d4 d5 3. Nd2 dxe4 4. Nxe4 Bf5 5. Ng3 Bg6 6. Nf3 Nd7 7. h4 h6 8. h5 Bh7 9. Bd3 Bxd3 10. Qxd3 Ngf6 {[%emt 0:00:28] [#]} {Predecessor:} 11. Bd2 $146 {B19: Classical Caro-Kann: 4...Bf5 main line.} e6 12. O-O-O Be7 13. Kb1 O-O 14. Nf1 Qb6 15. Ne3 Qa6 16. Qxa6 bxa6 17. Nc4 Rfc8 18. Nfe5 c5 19. Nxd7 Nxd7 20. dxc5 Bxc5 21. Bxh6 Bxf2 22. Rxd7 Rxc4 {½-½ (52) Firouzja,A (2682)-Martinez Alcantara,J (2583) Chess.com INT 2019} 1/2-1/2

[Event "8th Svetozar Gligoric Cup 2022"]
[Site "Paracin"]
[Date "2022.06.01"]
[Round "2.7"]
[White "Zajic, Milan"]
[Black "Ciric, Pavle"]
[Result "1/2-1/2"]
[ECO "C11"]
[WhiteElo "2426"]
[BlackElo "2177"]
[Annotator "TA"]
[PlyCount "59"]
[EventDate "2022.05.31"]
[EventType "team-tourn"]
[EventCountry "SRB"]
[SourceTitle "playchess.com"]
[Source "ChessBase"]
[SourceQuality "1"]
[TimeControl "40/5400+30:900+30"]

1. e4 e6 2. d4 d5 3. Nc3 Nf6 4. e5 Nfd7 5. f4 c5 6. Nf3 Nc6 7. Be3 Be7 8. Qd2 O-O 9. dxc5 Qa5 {[%emt 0:00:31] Prevents Na4. C11: French: Classical System: 4 e5 and 4 Bg5 dxe4.} 10. O-O-O b6 11. Bb5 Nb4 {[%emt 0:02:05] White is slightly better.} 12. a3 bxc5 (12... Na2+ $5 13. Nxa2 Qxb5 $16) 13. Kb1 $1 {[%emt 0:01:45] Against Na2 13.Kb1 is better than 13.Bxd7.} ({Inferior is} 13. axb4 cxb4 14. Na4 (14. Bxd7 $2 bxc3 15. Qxc3 Bb4 $19) 14... Qxb5 $17) 13... Rb8 14. axb4 cxb4 {[%emt 0:01:12] [#]} 15. Nxd5 exd5 16. Bxd7 Bxd7 17. Qxd5 Qxd5 18. Rxd5 Bc6 19. Ra5 Rfc8 20. Rc1 Be4 {[%emt 0:15:53] [#] And now ...b3 would win.} 21. b3 Rc3 22. Bxa7 Rbc8 {[%emt 0:08:38] aiming for ...Rxb3+.} 23. Nd4 Bxg2 {[%emt 0:03:47] [#]} 24. Rd1 $146 (24. Nf5 $1 $14 Bf8 25. Nd6) ({Predecessor:} 24. Re1 g6 25. Re2 Bh3 26. Nb5 Rf3 27. Rf2 Rxf2 28. Bxf2 Bf5 29. Nd6 Bxc2+ 30. Kb2 {1-0 (39) Volokitin,A (2633)-Stankovic,M (2468) Hungary 2019}) 24... Be4 $11 {[%emt 0:15:03][%cal Rc3c2] Threatens to win with ...Rxc2. The position is equal.} 25. Rd2 f5 26. Bb6 h6 27. Ra7 Bh4 28. Kb2 g5 29. fxg5 {[%emt 0:04:49] The board is on fire.} Bxg5 {[%emt 0:00:04] A strong pair of Bishops.} 30. Re2 $1 {[%emt 0:01:45] Weighted Error Value: White=0.06 (flawless) /Black=0.07 (flawless)} 1/2-1/2

[Event "8th Svetozar Gligoric Cup 2022"]
[Site "Paracin"]
[Date "2022.06.01"]
[Round "2.8"]
[White "Maksimovic, Boban"]
[Black "Toth, Aleksandar"]
[Result "1/2-1/2"]
[WhiteElo "2221"]
[BlackElo "2335"]
[Annotator "TA"]
[PlyCount "18"]
[EventDate "2022.05.31"]
[EventType "team-tourn"]
[EventCountry "SRB"]
[SourceTitle "playchess.com"]
[Source "ChessBase"]
[SourceQuality "1"]
[TimeControl "40/5400+30:900+30"]

1. d4 d5 2. Nf3 Nf6 3. Bg5 Bf5 4. Nbd2 c6 5. e3 Nbd7 6. Bd3 {[%emt 0:00:29] D03: 1 d4 d5 2 Nf3 Nf6 3 Bg5, including Torre Attack with early ...d5.} Bxd3 7. cxd3 h6 8. Bf4 e6 {[%emt 0:02:14] [#]} 9. Rf1 $146 ({Predecessor:} 9. O-O Nh5 10. Be5 Be7 11. h3 O-O 12. Rc1 Nhf6 13. Bg3 Qb6 14. Qc2 Rfe8 15. Nb3 {1-0 (53) De Carlos Arregui,I (2337)-Silva Filho,A (2348) ICCF email 2014}) 9... Qb6 {[%emt 0:52:15] White got outplayed after the opening.  Weighted Error Value: White=0.21 (precise) /Black=0.02 (flawless)} 1/2-1/2

[Event "8th Svetozar Gligoric Cup 2022"]
[Site "Paracin"]
[Date "2022.06.01"]
[Round "2.9"]
[White "Dezelin, Milan"]
[Black "Atalik, Suat"]
[Result "0-1"]
[ECO "A30"]
[WhiteElo "1899"]
[BlackElo "2459"]
[Annotator "TA"]
[PlyCount "74"]
[EventDate "2022.05.31"]
[EventType "team-tourn"]
[EventCountry "SRB"]
[SourceTitle "playchess.com"]
[Source "ChessBase"]
[SourceQuality "1"]
[TimeControl "40/5400+30:900+30"]

1. Nf3 Nf6 2. e3 g6 3. b3 Bg7 4. Bb2 O-O 5. Be2 d5 6. O-O c5 7. c4 d4 {[%emt 0:02:00] A30: Symmetrical English: Double Fianchetto and Hedgehog.} 8. exd4 (8. Ne5 {feels hotter.} Ne4 9. f4 Nd7 10. Bf3) 8... Ne8 9. Qc2 (9. d3 $11) 9... cxd4 $17 {[%emt 0:00:26][%cal Od4d3] [#] Black is better.} 10. d3 $146 ({Predecessor:} 10. b4 d3 11. Bxd3 Bxb2 12. Qxb2 Qxd3 {0-1 (12) Szocs,T (2013)-Talu,M (2386) Mamaia 2021}) 10... Nc6 11. Nbd2 Bf5 12. a3 a5 13. Rab1 (13. Ng5 $11) 13... Nc7 14. Nh4 Bd7 15. g3 e5 16. Bc1 Ne6 {[%emt 0:09:13] Black is more active.} 17. Bf3 Bf6 18. Ng2 $1 Be7 19. Bd5 Kg7 20. Nf3 (20. f4 $11) 20... f6 $15 21. Qd2 g5 (21... Nc7 $15 22. Qh6+ Kh8) 22. b4 (22. h4 $11) 22... axb4 23. axb4 {[%emt 0:00:03] [#]} Nc7 (23... Ra4 $1 $17 24. b5 Nb4 25. Bxb7 Qb6) 24. Be4 $11 b5 25. h4 h6 26. hxg5 hxg5 {[%emt 0:00:06] White must now prevent ...Rh8.} 27. Ngh4 $1 Nxb4 28. Ng6 Ra2 29. Rb2 Rxb2 {[%emt 0:01:27] The board is on fire.} 30. Bxb2 bxc4 31. dxc4 ({Much worse is} 31. Nxf8 c3 32. Qe2 (32. Bxc3 $2 dxc3 33. Qxc3 Bxf8 $17) 32... Qxf8 $17) 31... Bc6 32. Bxc6 Kxg6 ({Don't take} 32... Nxc6 33. Nxf8 Qxf8 34. Qd3 $14) 33. Be4+ {[%emt 0:00:18] A strong pair of Bishops.} Kg7 34. Kg2 (34. Ba3 $5 Nba6 35. Qa5 $17) 34... Rh8 {[%emt 0:00:47] [#] Threatens to win with ...Qd7.} 35. Ra1 ({Better is} 35. Qe1 $15) 35... Qc8 {[%emt 0:01:09] ( -> ...Qh3+)} 36. Kf1 $2 (36. Kg1 $17) 36... Qh3+ $19 37. Ke2 Qg4 {[%emt 0:03:43] Weighted Error Value: White=0.43/Black=0.13 (very precise)} 0-1